 Dungeon Crawl Stone Soup version 0.28-a0-769-g550dbda0cd (webtiles) character file.

Game seed: 5312159862379058118

74 pokeman the Magician (level 4, -6/25 HPs)
             Began as a Deep Elf Hedge Wizard on Oct 31, 2021.
             Killed by nerve-wracking pain
             ... invoked by Grinder
              (12 damage)
             ... on level 3 of the Dungeon.
             The game lasted 00:03:30 (2300 turns).

pokeman the Magician (Deep Elf Hedge Wizard)        Turns: 2300, Time: 00:03:30

Health: -6/25      AC:  7    Str:  7    XL:     4   Next: 10%
Magic:  6/13       EV: 12    Int: 20    God:
Gold:   178        SH:  0    Dex: 14    Spells: 3/14 levels left

rFire   . . .      SeeInvis .   e - +2 whip (drain)
rCold   + . .      Faith    .   (no shield)
rNeg    . . .      Spirit   .   b - +0 robe
rPois   .          Reflect  .   c - +0 hat
rElec   .          Harm     .   (no cloak)
rCorr   .          Rampage  .   (no gloves)
Will    .....                   f - +0 pair of boots
Stlth   ++........              (no amulet)
HPRegen 0.08/turn               n - +4 ring of protection
MPRegen 0.13/turn               i - ring of protection from cold

@: no status effects
A: no striking features
a: no special abilities


You were on level 3 of the Dungeon.
You visited 1 branch of the dungeon, and saw 3 of its levels.

You collected 178 gold pieces.

Inventory:

Hand Weapons
 e - a +2 whip of draining (weapon)
Missiles
 d - 31 bolts
 q - 29 arrows
Armour
 b - a +0 robe (worn)
 c - a +0 hat (worn)
 f - a +0 pair of boots (worn)
Jewellery
 i - a ring of protection from cold (right hand)
 n - a +4 ring of protection (left hand)
Wands
 r - a wand of digging (6)
Scrolls
 a - a scroll of fear {unknown}
 h - 2 scrolls of amnesia {unknown}
 j - a scroll of identify {unknown}
 p - a scroll of enchant armour {unknown}
Potions
 g - a potion of haste {unknown}
 k - a potion of brilliance {unknown}
 l - 2 potions of might {unknown}
 m - a potion of mutation {unknown}
 o - a potion of curing {unknown}
 s - a potion of ambrosia {unknown}


   Skills:
 - Level 1.0 Fighting
 - Level 1.0 Armour
 + Level 2.6 Dodging
 - Level 2.4 Stealth
 * Level 5.5 Spellcasting
 + Level 2.1 Conjurations
 - Level 1.1 Summonings
 - Level 1.1 Translocations
 + Level 0.3 Fire Magic


You had 3 spell levels left.
You knew the following spells:

 Your Spells              Type           Power      Damage    Failure   Level
a - Magic Dart            Conj           56%        1d5       4%          1
b - Mephitic Cloud        Conj/Pois/Air  8%         N/A       24%         3
c - Call Imp              Summ           9%         N/A       11%         2
d - Blink                 Tloc           18%        N/A       11%         2
e - Conjure Flame         Conj/Fire      10%        6-21      21%         3

Your spell library contained the following spells:

 Spells                   Type           Power      Damage    Failure   Level
 Slow                     Hex            20%        N/A       11%         1
 Ignite Poison            Fire/Tmut/Pois 5%         N/A       32%         3
 Freezing Cloud           Conj/Ice/Air   4%         6-21      92%         5


Dungeon Overview and Level Annotations

Branches:
Dungeon (3/15)

Altars:

Annotations:
D:3 Grinder


Message History

Confirm with . or Enter, or press ? or * to list all spells.
Aiming: Magic Dart (safe; 4% risk of failure)
Press: ? - help, Shift-Dir - straight line, f - hobgoblin
Aim: a hobgoblin (100% to hit)
The magic dart hits the hobgoblin.
The hobgoblin is moderately wounded.
Grinder comes into view.
Casting: Magic Dart (safe; 4% risk of failure)
Confirm with . or Enter, or press ? or * to list all spells.
Aiming: Magic Dart (safe; 4% risk of failure)
Press: ? - help, Shift-Dir - straight line, f/p - hobgoblin
Aim: a hobgoblin (moderately wounded, 100% to hit)
The magic dart hits the hobgoblin.
You kill the hobgoblin!
Grinder shouts!
Casting: Magic Dart (safe; 4% risk of failure)
Confirm with . or Enter, or press ? or * to list all spells.
Aiming: Magic Dart (safe; 4% risk of failure)
Press: ? - help, Shift-Dir - straight line, f - Grinder
Aim: Grinder (100% to hit)
The magic dart hits Grinder.
Grinder is lightly wounded.
Casting: Magic Dart (safe; 4% risk of failure)
Confirm with . or Enter, or press ? or * to list all spells.
Aiming: Magic Dart (safe; 4% risk of failure)
Press: ? - help, Shift-Dir - straight line, f/p - Grinder
Aim: Grinder (lightly wounded, 100% to hit)
The magic dart hits Grinder but does no damage.
Grinder is lightly wounded.
Grinder says, "DUCK!"
Unknown command.
Grinder gestures at you. Pain shoots through your body!
Grinder says, "I used to sell toenails on the black market."
Grinder gestures at you. Pain shoots through your body!
* * * LOW HITPOINT WARNING * * *
Grinder gestures at you. Pain shoots through your body!
You die...

.................###........#
.......>....................#
..............######........#
....#.........# ###†######
....#.#.......# #..#
.........<....# ##.#
#..##.#[#)....# #.#
#.....#.#.....#########.#####
#....<....).....@...........+
#.#.#####.....#.......#.#####
#.............#..........#
.......###....#........#.##
..............#......5.#..#
.......###....#.........†.#
.......# ####.+.............
.......# ##.......#....)#
.####### #.......'.....#


You could see Grinder.

Vanquished Creatures
  3 adders (D:2)
  A worm (D:3)
  2 dart slugs
  2 orcs (D:3)
  5 endoplasms
  A giant cockroach (D:1)
  4 goblins
  3 hobgoblins
  3 quokkas
  2 ball pythons (D:2)
  A bat (D:2)
  4 frilled lizards
  5 kobolds
  3 rats
39 creatures vanquished.

Notes
Turn   | Place    | Note
-------+----------+-------------------------------------------
     0 | D:1      | pokeman the Deep Elf Hedge Wizard began the quest for the
                  | Orb.
     0 | D:1      | Reached XP level 1. HP: 10/10 MP: 7/7
   261 | D:1      | Reached XP level 2. HP: 15/15 MP: 4/9
   652 | D:1      | Found a faded altar of an unknown god.
  1001 | D:2      | Reached skill level 5 in Spellcasting
  1005 | D:2      | Reached XP level 3. HP: 20/20 MP: 1/11
  1009 | D:2      | Learned a level 3 spell: Mephitic Cloud
  1012 | D:2      | Learned a level 2 spell: Call Imp
  1015 | D:2      | Learned a level 2 spell: Blink
  1019 | D:2      | Learned a level 3 spell: Conjure Flame
  1624 | D:2      | Reached skill level 1 in Fighting
  1634 | D:2      | Reached skill level 1 in Armour
  2155 | D:3      | Reached XP level 4. HP: 25/25 MP: 0/13
  2288 | D:3      | Noticed Grinder
  2300 | D:3      | Killed from afar by Grinder

Illustrated notes

Levels and vault maps discovered:
D:1:      minmay_arrival_radiant_lines, layout_loops_ring,
          shapermc_ecumenical_altar_acropolis
D:2:      layout_basic
D:3:      layout_basic, st_stairs_3, uniq_grinder

Skill      XL: |  1  2  3 |
---------------+----------+-----
Spellcasting   | 5 |  5.5
Fighting       | 1 |  1.0
Armour         | 1 |  1.0
Conjurations   | 2 |  2.1
Dodging        | |  2.6
Stealth        | |  2.4
Summonings     | |  1.1
Translocations | |  1.1
Fire Magic     | |  0.3

Action                   |  1- 3 |  4- 6 || total
-------------------------+-------+-------++-------
Melee: Dagger            |     4 |       ||     4
       Whip              |     2 |     4 ||     6
 Cast: Magic Dart        |   109 |    10 ||   119
Armor: Robe              |    10 |     1 ||    11
Dodge: Dodged            |    17 |     1 ||    18

Table legend: (Time is in decaauts)
 A = Elapsed time spent in this place.
 B = Non-inter-level travel time spent in this place.
 C = Inter-level travel time spent in this place.
 D = Time resting spent in this place.
 E = Time spent auto-exploring this place.
 F = Levels seen in this place.
 G = Mean time per level.
                   A        B        C        D        E       F      G
               +--------+--------+--------+--------+--------+-----+--------+
         Total |   2299 |   2291 |      8 |      8 |   1999 |   3 |  766.3 |
       Dungeon |   2299 |   2291 |      8 |      8 |   1999 |   3 |  766.3 |
               +--------+--------+--------+--------+--------+-----+--------+

Top non-repeatable levels by time:
     D:1: 991 daAuts
     D:2: 941 daAuts
     D:3: 366 daAuts
